St.Louis Blues vs Vancouver Canucks
Created - Sunday, June 11, 2023 at 07:52
Goals
|
| St.Louis Blues |
2 |
0 |
2 |
4 |
| Vancouver Canucks |
2 |
0 |
1 |
3 |
|
Shots
|
| St.Louis Blues |
18 |
8 |
10 |
36 |
| Vancouver Canucks |
10 |
11 |
18 |
39 |
|
1st period
1. Vancouver Canucks , Aleksander Barkov 27 (Clayton Keller 42) at 7:22
2. Vancouver Canucks , Mikko Rantanen 41 (Aleksander Barkov 66, Clayton Keller 43) at 12:56
3. St.Louis Blues , Ondrej Kase 9 (Sean Kuraly 5) at 14:48
4. St.Louis Blues , Elias Pettersson 37 (Alex DeBrincat 29, Adam Pelech 7) at 16:14
Penalties :
Evander Kane (STL) for Hooking (Minor) at 3:04
2nd period
No Goal
Penalties :
Nikita Zadorov (VAN) for Holding (Minor) at 12:29
3rd period
5. St.Louis Blues , Jack Eichel 16 (Alex Tuch 20, Tage Thompson 22) at 6:58
6. Vancouver Canucks , Artturi Lehkonen 18 (Robby Fabbri 22, Alex Formenton 19) at 9:22
7. St.Louis Blues , Tage Thompson 16 (Alex Tuch 21, Robert Thomas 47) at 11:00
Penalties :
Jake Bean (VAN) for Roughing (Minor) at 4:26
Goalie Stats
Frederik Andersen (STL), 36 saves from 39 shots - (0.923), W, 24-17-2, 60:00 minutes
Joonas Korpisalo (VAN), 32 saves from 36 shots - (0.889), L, 9-14-6, 59:00 minutes
Players Stats for St.Louis Blues
Player Name G A P +/- PIM S H SB GA TA FO MP PP MP PK MP
------------------------------------------------------------------------------------
Adam Pelech 0 1 1 1 0 0 0 1 0 0 0/0 14:22 0:00 1:24
Alex DeBrincat 0 1 1 -1 0 2 2 0 0 0 0/1 20:04 2:16 0:00
Alex Pietrangelo 0 0 0 0 0 4 2 0 0 0 0/0 25:27 1:50 0:00
Alex Tuch 0 2 2 2 0 2 0 0 0 0 1/1 17:19 2:02 0:00
Andrew Copp 0 0 0 -1 0 0 1 0 0 0 3/3 13:19 0:00 1:00
Colton Parayko 0 0 0 0 0 1 2 4 0 2 0/0 24:08 0:00 0:35
Danny DeKeyser 0 0 0 1 0 0 0 0 0 1 0/0 12:57 0:00 0:35
Elias Pettersson 1 0 1 -1 0 4 0 1 0 1 12/31 19:28 1:48 0:00
Evander Kane 0 0 0 -1 2 4 2 0 2 0 0/0 13:39 1:50 0:00
Jack Eichel 1 0 1 0 0 5 0 0 0 0 2/5 13:44 2:02 0:00
Jake Guentzel 0 0 0 -1 0 4 0 1 2 0 1/2 19:40 1:56 0:00
Jonas Brodin 0 0 0 0 0 0 1 0 0 0 0/0 19:24 0:00 1:24
Morgan Rielly 0 0 0 0 0 0 3 0 0 1 0/0 19:36 2:08 0:00
Ondrej Kase 1 0 1 1 0 3 0 0 0 0 0/0 9:28 0:00 0:45
Robert Thomas 0 1 1 1 0 2 0 0 1 2 7/11 16:44 1:56 0:00
Sean Kuraly 0 1 1 1 0 0 2 0 0 1 0/3 10:38 0:00 0:45
Tage Thompson 1 1 2 2 0 4 1 0 1 0 0/1 17:33 2:02 0:14
Yanni Gourde 0 0 0 1 0 1 0 0 4 0 0/1 10:30 0:00 1:14
Players Stats for Vancouver Canucks
Player Name G A P +/- PIM S H SB GA TA FO MP PP MP PK MP
------------------------------------------------------------------------------------
Adam Boqvist 0 0 0 -1 0 0 1 0 0 5 0/0 19:01 1:10 1:35
Aleksander Barkov 1 1 2 2 0 6 2 2 3 0 16/30 21:48 1:13 1:00
Alex Formenton 0 1 1 -1 0 1 0 1 0 0 0/1 14:38 0:46 2:34
Artturi Lehkonen 1 0 1 1 0 1 2 1 0 1 1/1 14:03 0:00 0:00
Casey Mittelstadt 0 0 0 1 0 2 0 0 0 0 9/15 16:06 0:46 0:38
Clayton Keller 0 2 2 2 0 5 1 1 1 0 3/5 21:30 1:13 0:49
Jacob Bryson 0 0 0 0 0 1 0 0 0 0 0/0 11:58 0:00 0:00
Jake Bean 0 0 0 0 2 0 2 1 0 1 0/0 24:33 0:49 1:01
Jesperi Kotkaniemi 0 0 0 0 0 1 1 0 0 0 1/2 11:04 0:00 0:19
Kasperi Kapanen 0 0 0 0 0 2 1 1 0 0 0/0 11:31 0:46 0:00
Mikko Rantanen 1 0 1 1 0 7 1 1 1 1 1/3 23:18 1:13 2:36
Miro Heiskanen 0 0 0 0 0 0 1 1 1 1 0/0 28:58 1:10 2:39
Nathan Smith 0 0 0 -3 0 2 0 0 0 0 2/2 9:07 0:00 0:00
Nikita Zadorov 0 0 0 -2 2 2 1 3 0 1 0/0 22:31 0:49 1:22
Noah Cates 0 0 0 -3 0 1 0 0 1 0 0/0 9:07 0:00 0:00
Noah Hanifin 0 0 0 0 0 2 1 0 0 0 0/0 13:37 0:00 1:19
Robby Fabbri 0 1 1 1 0 4 0 0 1 0 0/0 14:03 0:00 0:00
Taylor Raddysh 0 0 0 -3 0 2 0 0 0 0 0/0 9:07 0:00 0:00
3 Stars
1 - Aleksander Barkov (VAN)
2 - Tage Thompson (STL)
3 - Alex Tuch (STL)
Power Play
St.Louis Blues - 0 on 2 Attempt(s) - 0.00%
Vancouver Canucks - 0 on 1 Attempt(s) - 0.00%
Penalty Kill
St.Louis Blues - 1 on 1 Attempt(s) - 100.00%
- Score 0 goal in Penalty Kill
Vancouver Canucks - 2 on 2 Attempt(s) - 100.00%
- Score 0 goal in Penalty Kill
Team Stat
St.Louis Blues - Hits : 16 - Faceoff Wins : 26 - Blocked Shots : 7 - Penalty Minutes : 2
Vancouver Canucks - Hits : 14 - Faceoff Wins : 33 - Blocked Shots : 12 - Penalty Minutes : 4
Official
Referees : Mike Leggo and Brian Pochmara
Linesman : Michel Cormier and Trent Knorr
Game Notes
No Game Note
Finance
Level 1 -- Attendance: 4678 (77.97%) -- Ticket Income $463,122
Level 2 -- Attendance: 3524 (70.48%) -- Ticket Income $207,916
Level 3 -- Attendance: 2986 (99.53%) -- Ticket Income $101,524
Level 4 -- Attendance: 3725 (74.50%) -- Ticket Income $89,400
Luxury Box -- Attendance: 786 (78.60%) -- Ticket Income $156,414
Game was played at the American Airlines Center.
Total Attendance: 15699 (78.50%)
Total Ticket Income: $1,018,376
Other Income: $356,432
Total Income: $1,374,808
St.Louis Blues
5 vs 5 Forward
Center Left Wing Right Wing Time % Phy DF OF
1 Elias Pettersson Alex DeBrincat Jake Guentzel 40 0 2 3
2 Robert Thomas Alex Tuch Tage Thompson 30 0 2 3
3 Jack Eichel Evander Kane Andrew Copp 20 1 2 2
4 Sean Kuraly Yanni Gourde Ondrej Kase 10 1 3 1
5 vs 5 Defense
Defense Defense Time % Phy DF OF
1 Alex Pietrangelo Colton Parayko 40 1 2 2
2 Morgan Rielly Jonas Brodin 30 1 2 2
3 Danny DeKeyser Adam Pelech 20 1 2 2
4 Alex Pietrangelo Colton Parayko 10 1 2 2
PowerPlay Forward
Center Left Wing Right Wing Time % Phy DF OF
1 Robert Thomas Elias Pettersson Jake Guentzel 60 1 0 4
2 Jack Eichel Alex Tuch Tage Thompson 40 1 0 4
PowerPlay Defense
Defense Defense Time % Phy DF OF
1 Alex DeBrincat Morgan Rielly 60 0 1 4
2 Alex Pietrangelo Evander Kane 40 0 1 4
Penalty Kill 4 Players Forward
Center Wing Time % Phy DF OF
1 Andrew Copp Yanni Gourde 60 0 5 0
2 Sean Kuraly Ondrej Kase 40 0 5 0
Penalty Kill 4 Players Defense
Defense Defense Time % Phy DF OF
1 Adam Pelech Jonas Brodin 60 1 4 0
2 Danny DeKeyser Colton Parayko 40 1 4 0
Penalty Kill - 3 Players Forward
Forward Time % Phy DF OF
1 Andrew Copp 60 0 5 0
2 Yanni Gourde 40 0 5 0
Penalty Kill - 3 Players Defense
Defense Defense Time % Phy DF OF
1 Adam Pelech Jonas Brodin 60 0 5 0
2 Danny DeKeyser Colton Parayko 40 0 5 0
4 vs 4 Forward
Center Wing Time % Phy DF OF
1 Elias Pettersson Jake Guentzel 60 0 2 3
2 Robert Thomas Alex Tuch 40 0 2 3
4 vs 4 Defense
Defense Defense Time % Phy DF OF
1 Alex Pietrangelo Colton Parayko 60 0 3 2
2 Morgan Rielly Adam Pelech 40 0 3 2
Last Minutes Offensive
Center Left Wing Right Wing Defense Defense
Robert Thomas Elias Pettersson Jake Guentzel Alex Tuch Morgan Rielly
Last Minutes Defensive
Center Left Wing Right Wing Defense Defense
Andrew Copp Sean Kuraly Yanni Gourde Colton Parayko Alex Pietrangelo
Goaltenders
Starting : Frederik Andersen
Backup : Connor Hellebuyck
Extra Forwards
Normal : Tage Thompson, Evander Kane, Sean Kuraly - PP : Alex DeBrincat, Jack Eichel - PK : Tage Thompson
Extra Defensemen
Normal : Morgan Rielly, Colton Parayko, Adam Pelech - PP : Colton Parayko - PK : Colton Parayko, Alex Pietrangelo
Penalty Shots
Tage Thompson, Alex DeBrincat, Elias Pettersson, Alex Tuch, Andrew Copp
Vancouver Canucks
5 vs 5 Forward
Center Left Wing Right Wing Time % Phy DF OF
1 Aleksander Barkov Clayton Keller Mikko Rantanen 40 1 2 2
2 Casey Mittelstadt Robby Fabbri Artturi Lehkonen 30 1 2 2
3 Jesperi Kotkaniemi Alex Formenton Kasperi Kapanen 20 1 2 2
4 Nathan Smith Noah Cates Taylor Raddysh 10 1 2 2
5 vs 5 Defense
Defense Defense Time % Phy DF OF
1 Jake Bean Miro Heiskanen 40 1 2 2
2 Nikita Zadorov Adam Boqvist 30 1 2 2
3 Noah Hanifin Jacob Bryson 20 1 2 2
4 Nikita Zadorov Miro Heiskanen 10 1 2 2
PowerPlay Forward
Center Left Wing Right Wing Time % Phy DF OF
1 Aleksander Barkov Clayton Keller Mikko Rantanen 60 1 2 2
2 Casey Mittelstadt Kasperi Kapanen Alex Formenton 40 1 2 2
PowerPlay Defense
Defense Defense Time % Phy DF OF
1 Adam Boqvist Miro Heiskanen 60 1 2 2
2 Nikita Zadorov Jake Bean 40 1 2 2
Penalty Kill 4 Players Forward
Center Wing Time % Phy DF OF
1 Mikko Rantanen Alex Formenton 60 1 2 2
2 Aleksander Barkov Clayton Keller 40 1 2 2
Penalty Kill 4 Players Defense
Defense Defense Time % Phy DF OF
1 Jake Bean Miro Heiskanen 60 1 2 2
2 Adam Boqvist Nikita Zadorov 40 1 2 2
Penalty Kill - 3 Players Forward
Forward Time % Phy DF OF
1 Clayton Keller 60 1 2 2
2 Aleksander Barkov 40 1 2 2
Penalty Kill - 3 Players Defense
Defense Defense Time % Phy DF OF
1 Adam Boqvist Nikita Zadorov 60 1 2 2
2 Jake Bean Miro Heiskanen 40 1 2 2
4 vs 4 Forward
Center Wing Time % Phy DF OF
1 Aleksander Barkov Mikko Rantanen 60 1 2 2
2 Alex Formenton Clayton Keller 40 1 2 2
4 vs 4 Defense
Defense Defense Time % Phy DF OF
1 Nikita Zadorov Jake Bean 60 1 2 2
2 Adam Boqvist Miro Heiskanen 40 1 2 2
Last Minutes Offensive
Center Left Wing Right Wing Defense Defense
Aleksander Barkov Clayton Keller Mikko Rantanen Jake Bean Miro Heiskanen
Last Minutes Defensive
Center Left Wing Right Wing Defense Defense
Aleksander Barkov Alex Formenton Clayton Keller Jake Bean Miro Heiskanen
Goaltenders
Starting : Joonas Korpisalo
Backup : Ville Husso
Extra Forwards
Normal : Aleksander Barkov, Mikko Rantanen, Clayton Keller - PP : Aleksander Barkov, Kasperi Kapanen - PK : Aleksander Barkov
Extra Defensemen
Normal : Nikita Zadorov, Jake Bean, Adam Boqvist - PP : Nikita Zadorov - PK : Nikita Zadorov, Adam Boqvist
Penalty Shots
Aleksander Barkov, Mikko Rantanen, Kasperi Kapanen, Clayton Keller, Alex Formenton
% Time on Ice - St.Louis Blues
Lines # - Real PCT - Wanted PCT - Time Play
Normal Forward
1 - 34% - 40% - 17:44
2 - 30% - 30% - 15:54
3 - 21% - 20% - 11:09
4 - 15% - 10% - 8:06
Normal Defense
1 - 37% - 40% - 19:41
2 - 33% - 30% - 17:28
3 - 23% - 20% - 11:59
4 - 7% - 10% - 3:45
PP Forward
1 - 49% - 60% - 1:56
2 - 51% - 40% - 2:02
PP Defense
1 - 54% - 60% - 2:08
2 - 46% - 40% - 1:50
PK Forward
1 - 62% - 60% - 1:14
2 - 38% - 40% - 0:45
PK Defense
1 - 71% - 60% - 1:24
2 - 29% - 40% - 0:35
PK3 Forward
1 - 0% - 60%
2 - 0% - 40%
PK3 Defense
1 - 0% - 60%
2 - 0% - 40%
44 Forward
1 - 0% - 60%
2 - 0% - 40%
44 Defense
1 - 0% - 60%
2 - 0% - 40%
Last Minute Offensive - 0:00
Last Minute Defensive - 1:10
Total
Forward - 60:00
Defense - 60:00
|
% Time on Ice - Vancouver Canucks
Lines # - Real PCT - Wanted PCT - Time Play
Normal Forward
1 - 36% - 40% - 19:01
2 - 27% - 30% - 14:03
3 - 20% - 20% - 10:45
4 - 17% - 10% - 9:07
Normal Defense
1 - 40% - 40% - 21:15
2 - 32% - 30% - 16:56
3 - 22% - 20% - 11:40
4 - 6% - 10% - 3:05
PP Forward
1 - 61% - 60% - 1:13
2 - 39% - 40% - 0:46
PP Defense
1 - 59% - 60% - 1:10
2 - 41% - 40% - 0:49
PK Forward
1 - 79% - 60% - 3:09
2 - 21% - 40% - 0:49
PK Defense
1 - 74% - 60% - 2:55
2 - 26% - 40% - 1:03
PK3 Forward
1 - 0% - 60%
2 - 0% - 40%
PK3 Defense
1 - 0% - 60%
2 - 0% - 40%
44 Forward
1 - 0% - 60%
2 - 0% - 40%
44 Defense
1 - 0% - 60%
2 - 0% - 40%
Last Minute Offensive - 1:07
Last Minute Defensive - 0:00
Total
Forward - 60:00
Defense - 60:00
|
Play-by-Play
1st period
0:01 of 1st period - Elias Pettersson wins face-off versus Aleksander Barkov in neutral zone.
0:04 of 1st period - Wrist shot by Elias Pettersson.
0:04 of 1st period - Stopped by Joonas Korpisalo without a rebound.
0:05 of 1st period - Aleksander Barkov wins face-off versus Elias Pettersson in Vancouver Canucks zone.
0:05 of 1st period - Aleksander Barkov is hit by Alex Pietrangelo.
0:13 of 1st period - Wrist shot by Clayton Keller.
0:13 of 1st period - Stopped by Frederik Andersen with a rebound.
0:54 of 1st period - Slapshot by Evander Kane.
0:54 of 1st period - Deflect By Jack Eichel.
0:54 of 1st period - Stopped by Joonas Korpisalo with a rebound.
0:56 of 1st period - Wrist shot by Evander Kane.
0:56 of 1st period - Shot Hit the Post.
0:58 of 1st period - Slapshot by Alex Pietrangelo.
0:58 of 1st period - Stopped by Joonas Korpisalo with a rebound.
1:00 of 1st period - Slapshot by Alex Pietrangelo.
1:00 of 1st period - Stopped by Joonas Korpisalo with a rebound.
1:02 of 1st period - Slapshot by Colton Parayko.
1:02 of 1st period - Shot Blocked by Alex Formenton.
1:04 of 1st period - Slapshot by Alex Pietrangelo.
1:04 of 1st period - Stopped by Joonas Korpisalo with a rebound.
1:38 of 1st period - Jonas Brodin is hit by Noah Hanifin and loses puck.
2:23 of 1st period - Snap shot by Evander Kane.
2:23 of 1st period - Deflect By Jack Eichel.
2:23 of 1st period - Shot Misses the Net.
2:23 of 1st period - Puck is out of play.
2:24 of 1st period - Aleksander Barkov wins face-off versus Jack Eichel in Vancouver Canucks zone.
2:45 of 1st period - Wrist shot by Evander Kane.
2:45 of 1st period - Stopped by Joonas Korpisalo with a rebound.
2:57 of 1st period - Andrew Copp is hit by Nikita Zadorov and loses puck.
3:04 of 1st period - Minor Penalty to Evander Kane for Hooking.
3:05 of 1st period - Andrew Copp wins face-off versus Aleksander Barkov in St.Louis Blues zone.
3:30 of 1st period - Aleksander Barkov is hit by Sean Kuraly and loses puck.
3:51 of 1st period - Snap shot by Aleksander Barkov.
3:51 of 1st period - Shot Misses the Net.
3:53 of 1st period - Slapshot by Aleksander Barkov.
3:53 of 1st period - Shot Blocked by Adam Pelech.
3:55 of 1st period - Slapshot by Nikita Zadorov.
3:55 of 1st period - Deflect By Sean Kuraly.
3:55 of 1st period - Stopped by Frederik Andersen without a rebound.
3:56 of 1st period - Andrew Copp wins face-off versus Casey Mittelstadt in St.Louis Blues zone.
4:30 of 1st period - Icing by Mikko Rantanen.
4:31 of 1st period - Aleksander Barkov wins face-off versus Tage Thompson in Vancouver Canucks zone.
4:44 of 1st period - Snap shot by Ondrej Kase.
4:44 of 1st period - Deflect By Kasperi Kapanen.
4:44 of 1st period - Stopped by Joonas Korpisalo with a rebound.
5:04 of 1st period - Penalty to Evander Kane is over, Evander Kane is back on ice.
5:06 of 1st period - Snap shot by Evander Kane.
5:06 of 1st period - Shot Misses the Net.
6:02 of 1st period - Snap shot by Robert Thomas.
6:02 of 1st period - Stopped by Joonas Korpisalo without a rebound.
6:03 of 1st period - Robert Thomas wins face-off versus Clayton Keller in Vancouver Canucks zone.
6:08 of 1st period - Snap shot by Alex Tuch.
6:08 of 1st period - Shot Misses the Net.
6:29 of 1st period - Alex Pietrangelo is hit by Jake Bean and loses puck.
6:40 of 1st period - Backhand shot by Tage Thompson.
6:40 of 1st period - Stopped by Joonas Korpisalo with a rebound.
7:06 of 1st period - Wrist shot by Tage Thompson.
7:06 of 1st period - Shot Misses the Net.
7:08 of 1st period - Snap shot by Robert Thomas.
7:08 of 1st period - Stopped by Joonas Korpisalo without a rebound.
7:09 of 1st period - Elias Pettersson wins face-off versus Aleksander Barkov in Vancouver Canucks zone.
7:22 of 1st period - Snap shot by Aleksander Barkov.
7:22 of 1st period - Goal by Aleksander Barkov - St.Louis Blues : 0 - Vancouver Canucks : 1.
7:23 of 1st period - Elias Pettersson wins face-off versus Aleksander Barkov in neutral zone.
7:35 of 1st period - Snap shot by Clayton Keller.
7:35 of 1st period - Stopped by Frederik Andersen with a rebound.
7:37 of 1st period - Snap shot by Clayton Keller.
7:37 of 1st period - Shot Hit the Post.
7:39 of 1st period - Wrist shot by Aleksander Barkov.
7:39 of 1st period - Shot Blocked by Jake Guentzel.
7:59 of 1st period - Wrist shot by Alex Formenton.
7:59 of 1st period - Stopped by Frederik Andersen without a rebound.
8:00 of 1st period - Aleksander Barkov wins face-off versus Sean Kuraly in St.Louis Blues zone.
9:58 of 1st period - Snap shot by Ondrej Kase.
9:58 of 1st period - Deflect By Taylor Raddysh.
9:58 of 1st period - Stopped by Joonas Korpisalo with a rebound.
10:06 of 1st period - Snap shot by Noah Cates.
10:06 of 1st period - Shot Misses the Net.
10:08 of 1st period - Snap shot by Taylor Raddysh.
10:08 of 1st period - Stopped by Frederik Andersen with a rebound.
11:13 of 1st period - Wrist shot by Yanni Gourde.
11:13 of 1st period - Stopped by Joonas Korpisalo without a rebound.
11:14 of 1st period - Nathan Smith wins face-off versus Sean Kuraly in Vancouver Canucks zone.
11:42 of 1st period - Snap shot by Nathan Smith.
11:42 of 1st period - Shot Misses the Net.
12:22 of 1st period - Wrist shot by Yanni Gourde.
12:22 of 1st period - Shot Misses the Net.
12:28 of 1st period - Snap shot by Yanni Gourde.
12:28 of 1st period - Shot Misses the Net.
12:46 of 1st period - Slapshot by Taylor Raddysh.
12:46 of 1st period - Stopped by Frederik Andersen without a rebound.
12:47 of 1st period - Aleksander Barkov wins face-off versus Elias Pettersson in St.Louis Blues zone.
12:54 of 1st period - Slapshot by Mikko Rantanen.
12:54 of 1st period - Stopped by Frederik Andersen with a rebound.
12:56 of 1st period - Snap shot by Mikko Rantanen.
12:56 of 1st period - Goal by Mikko Rantanen - St.Louis Blues : 0 - Vancouver Canucks : 2.
12:57 of 1st period - Clayton Keller wins face-off versus Elias Pettersson in neutral zone.
13:32 of 1st period - Miro Heiskanen is hit by Alex DeBrincat and loses puck.
13:37 of 1st period - Wrist shot by Jake Guentzel.
13:37 of 1st period - Stopped by Joonas Korpisalo with a rebound.
13:39 of 1st period - Slapshot by Colton Parayko.
13:39 of 1st period - Deflect By Miro Heiskanen.
13:39 of 1st period - Stopped by Joonas Korpisalo with a rebound.
13:41 of 1st period - Slapshot by Elias Pettersson.
13:41 of 1st period - Shot Misses the Net.
13:43 of 1st period - Snap shot by Alex DeBrincat.
13:43 of 1st period - Shot Misses the Net.
13:45 of 1st period - Snap shot by Colton Parayko.
13:45 of 1st period - Shot Blocked by Clayton Keller.
13:47 of 1st period - Slapshot by Alex Pietrangelo.
13:47 of 1st period - Shot Blocked by Aleksander Barkov.
13:49 of 1st period - Snap shot by Alex DeBrincat.
13:49 of 1st period - Stopped by Joonas Korpisalo without a rebound.
13:50 of 1st period - Robert Thomas wins face-off versus Casey Mittelstadt in Vancouver Canucks zone.
14:48 of 1st period - Wrist shot by Ondrej Kase.
14:48 of 1st period - Goal by Ondrej Kase - St.Louis Blues : 1 - Vancouver Canucks : 2.
14:49 of 1st period - Aleksander Barkov wins face-off versus Elias Pettersson in neutral zone.
14:59 of 1st period - Off-side.
15:00 of 1st period - Clayton Keller wins face-off versus Elias Pettersson in neutral zone.
15:27 of 1st period - Robert Thomas is hit by Jake Bean and loses puck.
15:52 of 1st period - Snap shot by Evander Kane.
15:52 of 1st period - Shot Blocked by Kasperi Kapanen.
16:14 of 1st period - Wrist shot by Elias Pettersson.
16:14 of 1st period - Goal by Elias Pettersson - St.Louis Blues : 2 - Vancouver Canucks : 2.
16:15 of 1st period - Elias Pettersson wins face-off versus Aleksander Barkov in neutral zone.
16:30 of 1st period - Snap shot by Aleksander Barkov.
16:30 of 1st period - Stopped by Frederik Andersen without a rebound.
16:31 of 1st period - Casey Mittelstadt wins face-off versus Robert Thomas in St.Louis Blues zone.
16:34 of 1st period - Snap shot by Artturi Lehkonen.
16:34 of 1st period - Shot Misses the Net.
16:36 of 1st period - Slapshot by Miro Heiskanen.
16:36 of 1st period - Shot Blocked by Colton Parayko.
17:17 of 1st period - Slapshot by Jack Eichel.
17:17 of 1st period - Stopped by Joonas Korpisalo without a rebound.
17:18 of 1st period - Jesperi Kotkaniemi wins face-off versus Jack Eichel in Vancouver Canucks zone.
18:01 of 1st period - Clayton Keller is hit by Jonas Brodin and loses puck.
18:44 of 1st period - Wrist shot by Nathan Smith.
18:44 of 1st period - Deflect By Noah Cates.
18:44 of 1st period - Shot Misses the Net.
18:44 of 1st period - Puck is out of play.
18:45 of 1st period - Aleksander Barkov wins face-off versus Elias Pettersson in St.Louis Blues zone.
18:46 of 1st period - Wrist shot by Clayton Keller.
18:46 of 1st period - Shot Blocked by Colton Parayko.
18:54 of 1st period - Snap shot by Aleksander Barkov.
18:54 of 1st period - Shot Blocked by Elias Pettersson.
19:12 of 1st period - Alex Pietrangelo is hit by Artturi Lehkonen and loses puck.
19:30 of 1st period - Casey Mittelstadt is hit by Morgan Rielly.
Goals for this period are 2 for St.Louis Blues vs 2 for Vancouver Canucks.
Shots for this period are 18 for St.Louis Blues vs 10 for Vancouver Canucks.
2nd period
0:01 of 2nd period - Jake Guentzel wins face-off versus Aleksander Barkov in neutral zone.
0:16 of 2nd period - Wrist shot by Mikko Rantanen.
0:16 of 2nd period - Stopped by Frederik Andersen without a rebound.
0:17 of 2nd period - Casey Mittelstadt wins face-off versus Jack Eichel in St.Louis Blues zone.
0:42 of 2nd period - Jake Bean is hit by Alex Pietrangelo and loses puck.
0:49 of 2nd period - Clayton Keller is hit by Colton Parayko and loses puck.
0:54 of 2nd period - Wrist shot by Alex DeBrincat.
0:54 of 2nd period - Shot Blocked by Nikita Zadorov.
1:15 of 2nd period - Slapshot by Robert Thomas.
1:15 of 2nd period - Shot Blocked by Nikita Zadorov.
1:17 of 2nd period - Slapshot by Morgan Rielly.
1:17 of 2nd period - Deflect By Alex Tuch.
1:17 of 2nd period - Stopped by Joonas Korpisalo without a rebound.
1:18 of 2nd period - Casey Mittelstadt wins face-off versus Elias Pettersson in Vancouver Canucks zone.
1:33 of 2nd period - Wrist shot by Alex DeBrincat.
1:33 of 2nd period - Stopped by Joonas Korpisalo with a rebound.
2:18 of 2nd period - Snap shot by Kasperi Kapanen.
2:18 of 2nd period - Stopped by Frederik Andersen with a rebound.
3:07 of 2nd period - Nikita Zadorov is hit by Evander Kane and loses puck.
3:39 of 2nd period - Off-side.
3:40 of 2nd period - Artturi Lehkonen wins face-off versus Elias Pettersson in neutral zone.
3:49 of 2nd period - Slapshot by Casey Mittelstadt.
3:49 of 2nd period - Stopped by Frederik Andersen without a rebound.
3:50 of 2nd period - Aleksander Barkov wins face-off versus Elias Pettersson in St.Louis Blues zone.
3:57 of 2nd period - Wrist shot by Mikko Rantanen.
3:57 of 2nd period - Shot Misses the Net.
4:27 of 2nd period - Slapshot by Alex Tuch.
4:27 of 2nd period - Deflect By Tage Thompson.
4:27 of 2nd period - Shot Misses the Net.
4:27 of 2nd period - Puck is out of play.
4:28 of 2nd period - Elias Pettersson wins face-off versus Clayton Keller in Vancouver Canucks zone.
4:29 of 2nd period - Wrist shot by Jake Guentzel.
4:29 of 2nd period - Stopped by Joonas Korpisalo with a rebound.
4:31 of 2nd period - Wrist shot by Jake Guentzel.
4:31 of 2nd period - Stopped by Joonas Korpisalo without a rebound.
4:32 of 2nd period - Clayton Keller wins face-off versus Elias Pettersson in Vancouver Canucks zone.
5:04 of 2nd period - Wrist shot by Robby Fabbri.
5:04 of 2nd period - Deflect By Casey Mittelstadt.
5:04 of 2nd period - Stopped by Frederik Andersen with a rebound.
6:08 of 2nd period - Wrist shot by Jake Guentzel.
6:08 of 2nd period - Shot Blocked by Aleksander Barkov.
7:05 of 2nd period - Backhand shot by Alex DeBrincat.
7:05 of 2nd period - Shot Misses the Net.
7:07 of 2nd period - Slapshot by Jonas Brodin.
7:07 of 2nd period - Shot Blocked by Nikita Zadorov.
7:09 of 2nd period - Snap shot by Jake Guentzel.
7:09 of 2nd period - Stopped by Joonas Korpisalo with a rebound.
7:30 of 2nd period - Adam Boqvist is hit by Evander Kane and loses puck.
8:19 of 2nd period - Snap shot by Jesperi Kotkaniemi.
8:19 of 2nd period - Stopped by Frederik Andersen with a rebound.
8:39 of 2nd period - Wrist shot by Elias Pettersson.
8:39 of 2nd period - Shot Blocked by Jake Bean.
8:41 of 2nd period - Snap shot by Alex DeBrincat.
8:41 of 2nd period - Deflect By Elias Pettersson.
8:41 of 2nd period - Stopped by Joonas Korpisalo with a rebound.
8:50 of 2nd period - Icing by Artturi Lehkonen.
8:51 of 2nd period - Casey Mittelstadt wins face-off versus Robert Thomas in Vancouver Canucks zone.
9:00 of 2nd period - Snap shot by Robby Fabbri.
9:00 of 2nd period - Stopped by Frederik Andersen with a rebound.
9:02 of 2nd period - Wrist shot by Casey Mittelstadt.
9:02 of 2nd period - Deflect By Robby Fabbri.
9:02 of 2nd period - Shot Misses the Net.
9:02 of 2nd period - Puck is out of play.
9:03 of 2nd period - Aleksander Barkov wins face-off versus Elias Pettersson in St.Louis Blues zone.
9:39 of 2nd period - Snap shot by Robby Fabbri.
9:39 of 2nd period - Stopped by Frederik Andersen with a rebound.
10:54 of 2nd period - Slapshot by Casey Mittelstadt.
10:54 of 2nd period - Shot Misses the Net.
11:59 of 2nd period - Mikko Rantanen is hit by Colton Parayko and loses puck.
12:22 of 2nd period - Snap shot by Evander Kane.
12:22 of 2nd period - Stopped by Joonas Korpisalo without a rebound.
12:23 of 2nd period - Jack Eichel wins face-off versus Casey Mittelstadt in Vancouver Canucks zone.
12:29 of 2nd period - Minor Penalty to Nikita Zadorov for Holding.
12:30 of 2nd period - Mikko Rantanen wins face-off versus Robert Thomas in Vancouver Canucks zone.
13:04 of 2nd period - Snap shot by Alex Tuch.
13:04 of 2nd period - Shot Misses the Net.
13:06 of 2nd period - Snap shot by Evander Kane.
13:06 of 2nd period - Stopped by Joonas Korpisalo with a rebound.
13:20 of 2nd period - Evander Kane is hit by Aleksander Barkov and loses puck.
14:29 of 2nd period - Penalty to Nikita Zadorov is over, Nikita Zadorov is back on ice.
14:46 of 2nd period - Backhand shot by Noah Cates.
14:46 of 2nd period - Stopped by Frederik Andersen with a rebound.
14:48 of 2nd period - Snap shot by Nathan Smith.
14:48 of 2nd period - Stopped by Frederik Andersen without a rebound.
14:49 of 2nd period - Nathan Smith wins face-off versus Sean Kuraly in St.Louis Blues zone.
15:02 of 2nd period - Noah Cates is hit by Sean Kuraly and loses puck.
15:39 of 2nd period - Wrist shot by Elias Pettersson.
15:39 of 2nd period - Shot Misses the Net.
15:41 of 2nd period - Wrist shot by Jake Guentzel.
15:41 of 2nd period - Shot Misses the Net.
16:02 of 2nd period - Snap shot by Artturi Lehkonen.
16:02 of 2nd period - Shot Misses the Net.
17:17 of 2nd period - Snap shot by Robby Fabbri.
17:17 of 2nd period - Stopped by Frederik Andersen with a rebound.
17:19 of 2nd period - Snap shot by Robby Fabbri.
17:19 of 2nd period - Stopped by Frederik Andersen without a rebound.
17:20 of 2nd period - Elias Pettersson wins face-off versus Casey Mittelstadt in St.Louis Blues zone.
17:47 of 2nd period - Alex Tuch is hit by Adam Boqvist.
17:51 of 2nd period - Backhand shot by Robert Thomas.
17:51 of 2nd period - Shot Misses the Net.
18:11 of 2nd period - Snap shot by Andrew Copp.
18:11 of 2nd period - Shot Misses the Net.
18:53 of 2nd period - Robby Fabbri is hit by Morgan Rielly and loses puck.
Goals for this period are 0 for St.Louis Blues vs 0 for Vancouver Canucks.
Shots for this period are 8 for St.Louis Blues vs 11 for Vancouver Canucks.
3rd period
0:01 of 3rd period - Aleksander Barkov wins face-off versus Elias Pettersson in neutral zone.
0:04 of 3rd period - Snap shot by Clayton Keller.
0:04 of 3rd period - Stopped by Frederik Andersen with a rebound.
1:10 of 3rd period - Wrist shot by Alex Formenton.
1:10 of 3rd period - Shot Misses the Net.
1:14 of 3rd period - Wrist shot by Kasperi Kapanen.
1:14 of 3rd period - Stopped by Frederik Andersen with a rebound.
1:16 of 3rd period - Slapshot by Noah Hanifin.
1:16 of 3rd period - Stopped by Frederik Andersen with a rebound.
1:18 of 3rd period - Slapshot by Jacob Bryson.
1:18 of 3rd period - Deflect By Jonas Brodin.
1:18 of 3rd period - Stopped by Frederik Andersen without a rebound.
1:19 of 3rd period - Aleksander Barkov wins face-off versus Jake Guentzel in St.Louis Blues zone.
1:26 of 3rd period - Slapshot by Mikko Rantanen.
1:26 of 3rd period - Stopped by Frederik Andersen without a rebound.
1:27 of 3rd period - Elias Pettersson wins face-off versus Aleksander Barkov in St.Louis Blues zone.
1:27 of 3rd period - Elias Pettersson is hit by Mikko Rantanen.
1:35 of 3rd period - Snap shot by Jake Guentzel.
1:35 of 3rd period - Shot Misses the Net.
1:45 of 3rd period - Slapshot by Aleksander Barkov.
1:45 of 3rd period - Stopped by Frederik Andersen without a rebound.
1:46 of 3rd period - Robert Thomas wins face-off versus Casey Mittelstadt in St.Louis Blues zone.
1:59 of 3rd period - Snap shot by Alex Tuch.
1:59 of 3rd period - Stopped by Joonas Korpisalo with a rebound.
2:01 of 3rd period - Snap shot by Tage Thompson.
2:01 of 3rd period - Deflect By Robert Thomas.
2:01 of 3rd period - Shot Hit the Post.
2:01 of 3rd period - Puck is out of play.
2:02 of 3rd period - Aleksander Barkov wins face-off versus Elias Pettersson in Vancouver Canucks zone.
2:16 of 3rd period - Off-side.
2:17 of 3rd period - Casey Mittelstadt wins face-off versus Elias Pettersson in neutral zone.
2:29 of 3rd period - Elias Pettersson is hit by Artturi Lehkonen.
2:45 of 3rd period - Icing by Aleksander Barkov.
2:46 of 3rd period - Robert Thomas wins face-off versus Aleksander Barkov in Vancouver Canucks zone.
2:51 of 3rd period - Wrist shot by Alex Tuch.
2:51 of 3rd period - Shot Blocked by Mikko Rantanen.
2:59 of 3rd period - Snap shot by Mikko Rantanen.
2:59 of 3rd period - Deflect By Clayton Keller.
2:59 of 3rd period - Stopped by Frederik Andersen with a rebound.
3:01 of 3rd period - Wrist shot by Clayton Keller.
3:01 of 3rd period - Shot Misses the Net.
3:03 of 3rd period - Wrist shot by Aleksander Barkov.
3:03 of 3rd period - Stopped by Frederik Andersen with a rebound.
3:05 of 3rd period - Slapshot by Nikita Zadorov.
3:05 of 3rd period - Deflect By Alex Tuch.
3:05 of 3rd period - Stopped by Frederik Andersen with a rebound.
3:11 of 3rd period - Wrist shot by Mikko Rantanen.
3:11 of 3rd period - Stopped by Frederik Andersen without a rebound.
3:12 of 3rd period - Casey Mittelstadt wins face-off versus Elias Pettersson in St.Louis Blues zone.
3:49 of 3rd period - Snap shot by Ondrej Kase.
3:49 of 3rd period - Shot Misses the Net.
3:51 of 3rd period - Snap shot by Alex Pietrangelo.
3:51 of 3rd period - Shot Misses the Net.
4:05 of 3rd period - Icing by Tage Thompson.
4:06 of 3rd period - Alex Tuch wins face-off versus Aleksander Barkov in St.Louis Blues zone.
4:26 of 3rd period - Minor Penalty to Jake Bean for Roughing.
4:27 of 3rd period - Robert Thomas wins face-off versus Mikko Rantanen in Vancouver Canucks zone.
4:33 of 3rd period - Wrist shot by Elias Pettersson.
4:33 of 3rd period - Stopped by Joonas Korpisalo with a rebound.
5:24 of 3rd period - Icing by Evander Kane.
5:25 of 3rd period - Jack Eichel wins face-off versus Mikko Rantanen in St.Louis Blues zone.
5:30 of 3rd period - Slapshot by Alex Pietrangelo.
5:30 of 3rd period - Stopped by Joonas Korpisalo without a rebound.
5:31 of 3rd period - Robert Thomas wins face-off versus Alex Formenton in Vancouver Canucks zone.
6:15 of 3rd period - Alex Formenton is hit by Tage Thompson and loses puck.
6:26 of 3rd period - Penalty to Jake Bean is over, Jake Bean is back on ice.
6:58 of 3rd period - Snap shot by Jack Eichel.
6:58 of 3rd period - Goal by Jack Eichel - St.Louis Blues : 3 - Vancouver Canucks : 2.
6:59 of 3rd period - Casey Mittelstadt wins face-off versus Alex DeBrincat in neutral zone.
7:31 of 3rd period - Wrist shot by Noah Hanifin.
7:31 of 3rd period - Stopped by Frederik Andersen with a rebound.
7:33 of 3rd period - Snap shot by Nathan Smith.
7:33 of 3rd period - Stopped by Frederik Andersen with a rebound.
7:49 of 3rd period - Slapshot by Aleksander Barkov.
7:49 of 3rd period - Deflect By Clayton Keller.
7:49 of 3rd period - Shot Blocked by Colton Parayko.
7:49 of 3rd period - Puck is out of play.
7:50 of 3rd period - Aleksander Barkov wins face-off versus Elias Pettersson in St.Louis Blues zone.
8:17 of 3rd period - Nathan Smith is hit by Morgan Rielly and loses puck.
8:26 of 3rd period - Snap shot by Tage Thompson.
8:26 of 3rd period - Shot Misses the Net.
8:28 of 3rd period - Snap shot by Tage Thompson.
8:28 of 3rd period - Stopped by Joonas Korpisalo without a rebound.
8:29 of 3rd period - Elias Pettersson wins face-off versus Aleksander Barkov in Vancouver Canucks zone.
9:22 of 3rd period - Snap shot by Artturi Lehkonen.
9:22 of 3rd period - Goal by Artturi Lehkonen - St.Louis Blues : 3 - Vancouver Canucks : 3.
9:23 of 3rd period - Elias Pettersson wins face-off versus Aleksander Barkov in neutral zone.
9:26 of 3rd period - Snap shot by Elias Pettersson.
9:26 of 3rd period - Shot Misses the Net.
9:40 of 3rd period - Elias Pettersson is hit by Clayton Keller and loses puck.
10:58 of 3rd period - Backhand shot by Tage Thompson.
10:58 of 3rd period - Stopped by Joonas Korpisalo with a rebound.
11:00 of 3rd period - Slapshot by Tage Thompson.
11:00 of 3rd period - Goal by Tage Thompson - St.Louis Blues : 4 - Vancouver Canucks : 3.
11:01 of 3rd period - Aleksander Barkov wins face-off versus Elias Pettersson in neutral zone.
11:35 of 3rd period - Snap shot by Jack Eichel.
11:35 of 3rd period - Stopped by Joonas Korpisalo with a rebound.
11:37 of 3rd period - Snap shot by Jack Eichel.
11:37 of 3rd period - Deflect By Evander Kane.
11:37 of 3rd period - Stopped by Joonas Korpisalo without a rebound.
11:38 of 3rd period - Casey Mittelstadt wins face-off versus Elias Pettersson in Vancouver Canucks zone.
11:48 of 3rd period - Icing by Jake Guentzel.
11:49 of 3rd period - Elias Pettersson wins face-off versus Aleksander Barkov in St.Louis Blues zone.
11:57 of 3rd period - Off-side.
11:58 of 3rd period - Aleksander Barkov wins face-off versus Elias Pettersson in neutral zone.
12:18 of 3rd period - Off-side.
12:19 of 3rd period - Robert Thomas wins face-off versus Casey Mittelstadt in neutral zone.
12:30 of 3rd period - Wrist shot by Robert Thomas.
12:30 of 3rd period - Shot Blocked by Artturi Lehkonen.
12:46 of 3rd period - Jake Guentzel is hit by Kasperi Kapanen and loses puck.
13:20 of 3rd period - Slapshot by Jonas Brodin.
13:20 of 3rd period - Deflect By Andrew Copp.
13:20 of 3rd period - Shot Misses the Net.
13:20 of 3rd period - Puck is out of play.
13:21 of 3rd period - Casey Mittelstadt wins face-off versus Robert Thomas in Vancouver Canucks zone.
14:48 of 3rd period - Ondrej Kase is hit by Aleksander Barkov and loses puck.
15:43 of 3rd period - Off-side.
15:44 of 3rd period - Elias Pettersson wins face-off versus Aleksander Barkov in neutral zone.
15:56 of 3rd period - Off-side.
15:57 of 3rd period - Elias Pettersson wins face-off versus Jesperi Kotkaniemi in neutral zone.
16:22 of 3rd period - Aleksander Barkov is hit by Andrew Copp and loses puck.
17:44 of 3rd period - Slapshot by Jack Eichel.
17:44 of 3rd period - Shot Blocked by Miro Heiskanen.
17:46 of 3rd period - Snap shot by Jack Eichel.
17:46 of 3rd period - Stopped by Joonas Korpisalo with a rebound.
17:48 of 3rd period - Backhand shot by Colton Parayko.
17:48 of 3rd period - Shot Misses the Net.
18:32 of 3rd period - Kasperi Kapanen is hit by Alex DeBrincat and loses puck.
18:43 of 3rd period - Adam Pelech is hit by Jesperi Kotkaniemi and loses puck.
18:58 of 3rd period - Snap shot by Clayton Keller.
18:58 of 3rd period - Deflect By Alex Pietrangelo.
18:58 of 3rd period - Stopped by Frederik Andersen with a rebound.
19:00 of 3rd period - Vancouver Canucks, Joonas Korpisalo is pulled from the net.
19:00 of 3rd period - Snap shot by Clayton Keller.
19:00 of 3rd period - Shot Misses the Net.
19:02 of 3rd period - Slapshot by Aleksander Barkov.
19:02 of 3rd period - Shot Blocked by Colton Parayko.
19:04 of 3rd period - Wrist shot by Clayton Keller.
19:04 of 3rd period - Shot Misses the Net.
19:06 of 3rd period - Snap shot by Mikko Rantanen.
19:06 of 3rd period - Stopped by Frederik Andersen with a rebound.
19:08 of 3rd period - Snap shot by Aleksander Barkov.
19:08 of 3rd period - Stopped by Frederik Andersen with a rebound.
19:10 of 3rd period - Snap shot by Mikko Rantanen.
19:10 of 3rd period - Stopped by Frederik Andersen without a rebound.
19:11 of 3rd period - Jeremy Colilton call a timeout for Vancouver Canucks.
19:11 of 3rd period - Aleksander Barkov wins face-off versus Yanni Gourde in St.Louis Blues zone.
19:38 of 3rd period - Wrist shot by Aleksander Barkov.
19:38 of 3rd period - Stopped by Frederik Andersen without a rebound.
19:39 of 3rd period - Andrew Copp wins face-off versus Aleksander Barkov in St.Louis Blues zone.
19:39 of 3rd period - Andrew Copp is hit by Miro Heiskanen.
Goals for this period are 2 for St.Louis Blues vs 1 for Vancouver Canucks.
Shots for this period are 10 for St.Louis Blues vs 18 for Vancouver Canucks.
Back to the Top